 Dungeon Crawl Stone Soup version 0.31-a0-188-g5e087ee2ca (webtiles) character file.

Game seed: 2024982954301785140

92 qw the Shooter (level 4, -4/25 HPs)
             Began as a Deep Elf Hunter on June 22, 2023.
             Killed from afar by Natasha (7 damage)
             ... with a magic dart
             ... on level 3 of the Dungeon.
             The game lasted 00:00:33 (1306 turns).

qw the Shooter (Deep Elf Hunter)                    Turns: 1306, Time: 00:00:34

Health: -4/25      AC:  4    Str: 10    XL:     4   Next: 35%
Magic:  6/6        EV: 12    Int: 14    God:
Gold:   121        SH:  0    Dex: 18    Spells: 3/3 levels left

rFire   . . .        Y - +0 shortbow
rCold   . . .        (shield currently unavailable)
rNeg    . . .        c - +0 leather armour
rPois   .            (no helmet)
rElec   .            (no cloak)
rCorr   .            f - +0 pair of gloves
SInv    .            (no boots)
Will    .....        (no amulet)
Stlth   ++           (no ring)
HPRegen 0.24/turn    (no ring)
MPRegen 0.10/turn

%: no passive effects
@: no status effects
A: no striking features
a: no special abilities


You were on level 3 of the Dungeon.
You visited 1 branch of the dungeon, and saw 3 of its levels.

You collected 121 gold pieces.


   Skills:
 - Level 1.5 Fighting
 + Level 7.8 Ranged Weapons
 - Level 2.4 Dodging
 - Level 1.2 Stealth


You had 3 spell levels left.
You didn't know any spells.
Your spell library was empty.

Inventory:

Hand Weapons
 Y - a +0 shortbow (weapon)
Armour
 c - a +0 leather armour (worn)
 f - a +0 pair of gloves (worn)
Potions
 b - a potion of cancellation {unknown}
 d - a potion of mutation {unknown}
 e - a potion of degeneration {unknown}
 h - a potion of lignification {unknown}
 i - a potion of curing {unknown}

Dungeon Overview and Level Annotations

Branches:
Dungeon (3/15)

Altars:
Hepliaklqana

Annotations:
D:3 Natasha


Message History

Natasha claws you but does no damage.
You shoot an arrow. The arrow closely misses Natasha.
Natasha mumbles some strange words.
You shoot an arrow. The arrow closely misses Natasha.
Natasha casts a spell at you. The magic dart hits you.
The cerulean imp hits you from afar with a +2 spear.
You shoot an arrow. The arrow closely misses Natasha.
Natasha claws you!
The cerulean imp hits you from afar with a +2 spear.
Natasha casts a spell.
You shoot an arrow. The arrow misses Natasha.
The cerulean imp barely misses you.
The cerulean imp hits you from afar with a +2 spear.
Natasha closely misses you.
1301 ||| DRINKING potion of heal wounds.
You feel much better. The cerulean imp closely misses you.
The cerulean imp hits you from afar with a +2 spear.
Natasha closely misses you.
You shoot an arrow. The arrow misses Natasha.
The cerulean imp barely misses you.
The cerulean imp hits you from afar with a +2 spear.
Natasha barely misses you.
You shoot an arrow. The arrow closely misses Natasha.
The cerulean imp hits you from afar with a +2 spear.
Natasha closely misses you. The cerulean imp barely misses you.
You shoot an arrow. The arrow barely misses Natasha.
The cerulean imp hits you but does no damage. x2
Natasha claws you.
You shoot an arrow.
The arrow hits Natasha but does no damage.
The cerulean imp closely misses you. Natasha barely misses you.
The cerulean imp hits you from afar with a +2 spear.
You shoot an arrow. The arrow hits Natasha!
Natasha is heavily wounded.
The cerulean imp hits you from afar with a +2 spear.
Natasha stares at you and mumbles some strange words.
The magic dart hits you!
You die...

#.# #. #.# ...
#.# ...
#.###.## ##
##......# #.
.......#
##.####..#..##.
#5$@...........
#.h###.##..####
....5 #......#
###... #..###.#
#...
#....).####
#...
#..........
#...##......###
#...........#
..#.###.....#


You could see Natasha and 2 cerulean imps.

Vanquished Creatures
  An iguana (D:3)
  An adder (D:2)
  4 dart slugs (D:2)
  4 bats
  5 endoplasms
  3 giant cockroaches
  4 goblins
  6 hobgoblins
  3 jackals (D:1)
  4 kobolds
  3 ball pythons (D:2)
  3 frilled lizards
  5 rats
46 creatures vanquished.

Notes
Turn   | Place    | Note
-------+----------+-------------------------------------------
     0 | D:1      | qw the Deep Elf Hunter began the quest for the Orb.
     0 | D:1      | Reached XP level 1. HP: 12/12 MP: 3/3
     0 | D:1      | 0 ||| qw: Version: 0.3-a-9-g12657ce
     0 | D:1      | 0 ||| qw: Game counter: 2764
     0 | D:1      | 0 ||| qw: Always use a shield: true
     0 | D:1      | 0 ||| qw: God list: Okawaru
     0 | D:1      | 0 ||| qw: Allow faded altars: false
     0 | D:1      | 0 ||| qw: Do Orc after D:15 true
     0 | D:1      | 0 ||| qw: Do second Lair branch before Depths: true
     0 | D:1      | 0 ||| qw: Lair rune preference: random
     0 | D:1      | 0 ||| qw: Plans: Normal
     0 | D:1      | 0 ||| PLANNING D:1-11
   105 | D:1      | Reached skill level 6 in Ranged Weapons
   105 | D:1      | Reached XP level 2. HP: 16/16 MP: 4/4
   416 | D:1      | 416 ||| UPGRADING to +0 pair of gloves.
   421 | D:1      | 421 ||| READING scroll labelled YXYSEAF QE XUMMI.
   422 | D:1      | 422 ||| READING 2 scrolls labelled LAQUEMEICIY.
   423 | D:1      | 423 ||| DROPPING scroll of butterflies.
   424 | D:1      | 424 ||| DROPPING scroll of immolation.
   488 | D:2      | Reached XP level 3. HP: 20/20 MP: 5/5
   654 | D:2      | Reached skill level 7 in Ranged Weapons
  1233 | D:2      | 1233 ||| READING scroll labelled ROTIDO ZIUBUAT.
  1234 | D:2      | 1234 ||| DRINKING 2 sedimented golden potions.
  1259 | D:3      | 1259 ||| PLANNING SEWER
  1263 | D:3      | Reached XP level 4. HP: 24/25 MP: 6/6
  1280 | D:3      | Found a hazy altar of Hepliaklqana.
  1292 | D:3      | Noticed Natasha
  1300 | D:3      | HP: 4/25 [cerulean imp/+2 spear[Natasha] (4)]
  1301 | D:3      | 1301 ||| DRINKING potion of heal wounds.
  1306 | D:3      | HP: 3/25 [cerulean imp/+2 spear[Natasha] (4)]
  1306 | D:3      | Killed from afar by Natasha

Levels and vault maps discovered:
D:1:      dpeg_arrival_windows_large_door, layout_rooms,
          minmay_misc_feat_nine_boxes
D:2:      layout_basic, minmay_tromino_i2
D:3:      layout_basic, mainiacjoe_overflow_alcove_2, portal_sewer_entry_f,
          uniq_natasha, uniq_ijyb

Skill      XL: |  1  2  3 |
---------------+----------+-----
Ranged Weapons | 6 7 |  7.8
Fighting       | |  1.5
Dodging        | |  2.4
Stealth        | |  1.2

Action                     |  1- 3 |  4- 6 || total
---------------------------+-------+-------++-------
   Fire: Shortbow          |   125 |    14 ||   139
    Use: Scroll            |     3 |       ||     3
         Potion            |     1 |     1 ||     2
 Armour: Leather armour    |    13 |     3 ||    16
  Dodge: Dodged            |    29 |    10 ||    39

Table legend:
 A = Non-vault XP
 B = Vault XP
 C = Vault XP percentage of total XP
 D = Non-vault monster count
 E = Vault monster count
 F = Vault count percentage of total count
                 A         B        C        D         E       F
            +---------+---------+-------+---------+---------+-------
      Total |     128 |       4 |   3.0 |      45 |       1 |   2.2
            +---------+---------+-------+---------+---------+-------
        D:1 |      33 |       0 |   0.0 |      19 |       0 |   0.0
        D:2 |      57 |       4 |   6.6 |      24 |       1 |   4.0
        D:3 |      38 |       0 |   0.0 |       2 |       0 |   0.0
            +---------+---------+-------+---------+---------+-------
